 Dungeon Crawl Stone Soup version 0.28.0-45-g0d030f2227 (webtiles) character file.

Game seed: 16555787414228508348

58 Icepheonix32 the Skirmisher (level 3, -1/30 HPs)
             Began as a Demonspawn Fighter on Apr 10, 2022.
             Slain by a worm (9 damage)
             ... on level 1 of the Dungeon.
             The game lasted 00:01:58 (1508 turns).

Icepheonix32 the Skirmisher (Demonspawn Fighter)    Turns: 1508, Time: 00:01:59

Health: -1/30      AC:  7    Str: 18    XL:     3   Next: 76%
Magic:  3/3        EV:  9    Int:  9    God:
Gold:   12         SH:  5    Dex: 14    Spells: 2/2 levels left

rFire   + . .      SeeInvis .   a - +0 long sword
rCold   + . .      Faith    .   c - +0 buckler
rNeg    . . .      Spirit   .   b - +0 scale mail
rPois   +          Reflect  .   (helmet restricted)
rElec   +          Harm     .   f - scarf {shadows}
rCorr   +          Rampage  .   i - +0 pair of gloves
Will    .....                   (no boots)
Stlth   +.........              (no amulet)
HPRegen 0.10/turn               (no ring)
MPRegen 0.08/turn               (no ring)

@: resistant
A: horns 1, thin skeletal structure 1, hooves 1
a: no special abilities


You were on level 1 of the Dungeon.
You visited 1 branch of the dungeon, and saw 2 of its levels.

You collected 39 gold pieces.
You spent 27 gold pieces at shops.

Inventory:

Hand Weapons
 a - a +0 long sword (weapon)
Armour
 b - a +0 scale mail (worn)
 c - a +0 buckler (worn)
 f - a scarf of shadows (worn)
 i - a +0 pair of gloves (worn)
Scrolls
 g - a scroll of amnesia {unknown}
 j - a scroll of immolation {unknown}
 k - a scroll of vulnerability {unknown}
Potions
 d - a potion of might


   Skills:
 + Level 3.7 Fighting
 + Level 1.9 Long Blades
 + Level 3.1 Armour
 * Level 0.8 Dodging
 + Level 3.2 Shields


You had 2 spell levels left.
You didn't know any spells.
Your spell library was empty.

Dungeon Overview and Level Annotations

Branches:
Dungeon (2/15)

Altars:

Shops:
D:1 (*


Innate Abilities, Weirdness & Mutations

You have a pair of small horns on your head.
You have a somewhat thin skeletal structure. (Dex +2, Stealth+)
You have large cloven feet.


Message History

The adder is lightly wounded.
The adder misses you. The adder closely misses you.
You miss the adder.
The adder is lightly wounded.
The adder bites you. The worm bites you.
The adder bites you but does no damage.
You are too injured to fight recklessly!
You are too injured to fight recklessly!
You are too injured to fight recklessly!
You are too injured to fight recklessly!
You are too injured to fight recklessly!
You are too injured to fight recklessly!
You are too injured to fight recklessly!
You are too injured to fight recklessly!
You are too injured to fight recklessly!
You are too injured to fight recklessly!
You are too injured to fight recklessly!
You are too injured to fight recklessly!
You are too injured to fight recklessly!
There is an open door here.
The adder closely misses you.
You closely miss the adder. Your headbutt misses the adder.
The adder is lightly wounded.
The adder bites you. You block the adder's attack.
You hit the adder.
The adder is severely wounded.
You block the adder's attack. The adder bites you but does no damage.
It was a potion of mutation.
You feel extremely strange.
You feel agile.
Your feet thicken and deform.
You feel clumsy. The adder bites you.
* * * LOW HITPOINT WARNING * * *
It was a potion of resistance.
You feel protected. The adder bites you but does no damage.
You closely miss the adder. You kick the adder. You headbutt the adder.
You kill the adder!
You hit the worm.
The worm is lightly wounded.
The worm bites you!
You die...

#.......#.#.......≈#.# #..## ##.
#.#.......'......###.###.## ##
#.##....#.#......+..∩..'..## ##.
#.##..#.#.##...>.###.####..###.#
#.##.##.#.###...†..#.#≈####.#.##
#.##.##.#.# ##...#.#'### ##.##
#........># ##'##...# #)#
####.###### #w###### #.# #.# #@#
#########.# #.# ##.##
#.........# #.#
######...###.######### #.#
#............#
#.####.####...##### #......#
##.## ######## ###


You could see a worm.

Vanquished Creatures
  A gnoll (D:1)
  An adder (D:1)
  2 bats (D:1)
  4 endoplasms (D:1)
  2 giant cockroaches (D:1)
  3 goblins (D:1)
  5 hobgoblins (D:1)
  6 jackals (D:1)
  2 quokkas (D:1)
  5 ball pythons (D:1)
  A frilled lizard (D:1)
  2 kobolds (D:1)
  A rat (D:1)
35 creatures vanquished.

Notes
Turn   | Place    | Note
-------+----------+-------------------------------------------
     0 | D:1      | Icepheonix32 the Demonspawn Fighter began the quest for the
                  | Orb.
     0 | D:1      | Reached XP level 1. HP: 18/18 MP: 1/1
   255 | D:1      | Gained mutation: You have a pair of small horns on your
                  | head. [demonic ancestry]
   255 | D:1      | Reached XP level 2. HP: 24/24 MP: 2/2
   634 | D:1      | Gained mutation: You have a somewhat thin skeletal
                  | structure. (Dex +2, Stealth+) [demonic ancestry]
   634 | D:1      | Reached XP level 3. HP: 17/30 MP: 3/3
   823 | D:1      | Found a faded altar of an unknown god.
  1245 | D:1      | Found Vewen's Assorted Antiques.
  1252 | D:1      | Bought a scroll labelled HAPISCH LOYM for 27 gold pieces
  1358 | D:1      | Found Bopijuta's Antique Weapon Boutique.
  1505 | D:1      | Gained mutation: You are agile. (Dex +2) [potion of
                  | mutation]
  1505 | D:1      | Gained mutation: You have large cloven feet. [potion of
                  | mutation]
  1505 | D:1      | Lost mutation: You are agile. (Dex +2) [potion of mutation]
  1508 | D:1      | Slain by a worm

Illustrated notes

Levels and vault maps discovered:
D:1:      psy_arrival_conway, layout_loops_corners, serial_shops,
          nicolae_shop_hallway_plus, nicolae_diamond_shop,
          basic_ecumenical_altar, kennysheep_decorative_pillar,
          hangedman_decor_diamond_cutter
D:2:      layout_basic, grunt_ministairs_7

Skill      XL: |  1  2 |
---------------+-------+-----
Shields        | 3 |  3.2
Armour         | 3 |  3.1
Fighting       | |  3.7
Long Blades    | |  1.9
Dodging        | |  0.8

Action                   || total
-------------------------++-------
Melee: Long sword        ||    99
       Headbutt          ||     7
       Kick              ||     1
  Use: Potion            ||     2
Armor: Scale mail        ||    49
Dodge: Dodged            ||    52
Block: Buckler           ||    29
